 Dungeon Sprint DCSS version 0.30-a0-381-g6ea064c7b4 (webtiles) character file.

Game seed: 12861113075360493938

21153 rocky1 the Severer (level 12, -13/154 HPs)
             Began as an Ogre Monk on Dec 2, 2022.
             Was a High Priest of Cheibriados.
             Mangled by an orc warlord
             ... wielding a +0 battleaxe
              (40 damage)
             ... in the Dungeon (Sprint VII: "The Pits").
             The game lasted 00:12:33 (3782 turns).

rocky1 the Severer (Ogre Monk)                      Turns: 3782, Time: 00:12:34

Health: -13/154    AC: 11    Str: 32    XL:     12   Next: 87%
Magic:  6/23       EV: 19    Int: 25    God:    Cheibriados [*****.]
Gold:   33         SH:  0    Dex: 26    Spells: 22/26 levels left

rFire   . . .      SeeInvis .    A - +0 battleaxe
rCold   . . .      Faith    .    (shield currently unavailable)
rNeg    . . .      Spirit   .    a - +0 swamp dragon scales
rPois   +          Reflect  .    (helmet restricted)
rElec   .          Harm     .    (no cloak)
rCorr   .          Rampage  .    (gloves unavailable)
Will    +....      NoTele   +    (boots unavailable)
Stlth   ++........               (no amulet)
HPRegen 0.45/turn                p - +3 ring of dexterity
MPRegen 0.18/turn                q - +3 ring of protection

@: very slow
A: large, unfitting armour, tough skin 1
a: Renounce Religion, Bend Time, Temporal Distortion, Slouch, Step From Time


You were in the Dungeon.
You worshipped Cheibriados.
Cheibriados was extremely pleased with you.
You visited 1 branch You collected 33 gold pieces.

Inventory:

Hand Weapons
 f - a +2 vorpal dire flail
 o - a +0 giant club
 u - a +2 war axe of freezing
 A - a +0 battleaxe (weapon)
Missiles
 x - a throwing net
 B - 4 large rocks (quivered)
Armour
 a - +0 swamp dragon scales (worn)
 b - a +0 robe
Jewellery
 p - a +3 ring of dexterity (left hand)
 q - a +3 ring of protection (right hand)
 y - a ring of positive energy
 z - a ring of positive energy
Scrolls
 k - 5 scrolls of amnesia
 m - 2 scrolls of fog
 n - a scroll of identify
 v - a scroll of fear
 w - 2 scrolls of enchant armour
Potions
 c - a potion of ambrosia
 d - 3 potions of curing
 e - 11 potions of heal wounds
 g - 3 potions of magic
 h - 2 potions of berserk rage
 j - a potion of invisibility
 r - 3 potions of might
 s - a potion of mutation
 t - 4 potions of brilliance
Miscellaneous
 i - a tin of tremorstones (2/2)


   Skills:
 + Level 19.3 Fighting
 + Level 20.8 Axes
 - Level 0.9(12.6) Maces & Flails
 + Level 2.6 Armour
 + Level 12.4 Dodging
 - Level 1.9 Stealth
 - Level 7.5 Spellcasting
 - Level 15.4 Invocations
 + Level 2.4 Evocations


You had 22 spell levels left.
You knew the following spells:

 Your Spells              Type           Power      Damage    Failure   Level
a - Manifold Assault      Tloc           9%         N/A       65%         4

Your spell library contained the following spells:

 Spells                   Type           Power      Damage    Failure   Level
 Shock                    Conj/Air       36%        1d5       9%          1
 Cigotuvi's Dreadful Rot  Necr/Pois/Air  18%        N/A       13%         2
 Dazzling Flash           Conj/Hex       18%        N/A       26%         3
 Gell's Gravitas          Tloc           9%         N/A       26%         3
 Kindle Blastsparks       Fire/Tloc/Air  18%        2d11      26%         3
 Teleport Other           Tloc           9%         N/A       26%         3
 Iskenderun's Mystic Bla  Conj/Tloc      9%         2d4       65%         4
 Silence                  Hex/Air        4%         N/A       94%         5
 Summon Forest            Summ/Tloc      4%         N/A       94%         5
 Dispersal                Tloc           4%         N/A       100%        6
 Eringya's Noxious Bog    Tmut/Pois      4%         N/A       100%        6
 Starburst                Conj/Fire      4%         6d4       100%        6
 Necromutation            Tmut/Necr      4%         N/A       100%        8
 Dragon's Call            Summ           4%         N/A       100%        9


Dungeon Overview and Level Annotations

Branches:
Dungeon (1/1)

Altars:
Ashenzari
Cheibriados
Dithmenos
Elyvilon
Fedhas
Gozag
Hepliaklqana
Kikubaaqudgha
Makhleb
Nemelex Xobeh
Okawaru
Qazlal
Ru
Sif Muna
Trog
Uskayaw
Vehumet
Wu Jian
Xom
Yredelemnul
Zin
The Shining One
Jiyva
Lugonu


Innate Abilities, Weirdness & Mutations

You are too large for most types of armour.
You have tough skin. (AC +1)


Message History

The orc knight is almost dead.
You hit the orc knight but do no damage.
The orc knight closely misses you.
You barely miss the orc knight.
The orc knight is almost dead.
You closely miss the orc knight. You closely miss the orc knight.
The orc knight is almost dead.
You closely miss the orc knight. You hit the orc warlord.
The orc knight hits you with a +0 long sword of holy wrath!!
The orc knight barely misses you.
The orc warlord hits you with a +0 battleaxe!!
You barely miss the orc knight.
The orc knight is almost dead.
You closely miss the orc knight.
You hit the orc warlord but do no damage.
The orc knight hits you with a +0 war axe!!
The orc knight hits you but does no damage.
Unknown command.
Activating: Slouch (0% risk of failure)
Press: ? - help, Dir - look around, f - activate You can feel time thicken for a moment.
You kill the orc knight!
Cheibriados appreciates the change of pace.
The orc warlord hits you with a +0 battleaxe!
The orc knight closely misses you.
Unknown command.
Activating: Slouch (0% risk of failure)
Press: ? - help, Dir - look around, f - activate You can feel time thicken for a moment.
Cheibriados lowers the support of your attributes as your movement quickens.
The orc warlord hits you with a +0 battleaxe!!
* * * LOW HITPOINT WARNING * * *
The orc knight closely misses you.
Activating: Slouch (0% risk of failure)
Press: ? - help, Dir - look around, f - activate You can feel time thicken for a moment.
Cheibriados lowers the support of your attributes as your movement quickens.
The orc warlord hits you with a +0 battleaxe!!!
You die...

..++..........# ..++..........#
..##..#....#..# ..##..........+
..##..........+ ..####''####''#
..####''####''###################
..##......##))..oo...............
..##.#)##.##....@)..........[....
..##.#[[+.##..##############o'###
..##.'..#.##..# #..)...#
####.#..+.##..# #......#
####.+..#.##..# #......# ..##
##+#.##..# ###..### ..# .##..#
..o. ..# #..# .oo.
..##########..# o..o#


You could see an orc warlord (strong) and an orc knight (strong).

Vanquished Creatures
  Rupert (D)
  A hydra (D)
  A spriggan air mage (D)
  Erolcha (D)
  An alligator snapping turtle (D)
  A death yak (D)
  2 sea snakes (D)
  A deep troll (D)
  3 skeletal warriors (D)
  A swamp dragon (D)
  A spriggan druid (D)
  2 lindwurms (D)
  A flayed ghost (D)
  2 orc knights (D)
  A phantasmal warrior (D)
  A cyclops (D)
  2 manticores (D)
  A rust devil (D)
  A cane toad (D)
  An eye of devastation (D)
  A smoke demon (D)
  An orange demon (D)
  A freezing wraith (D)
  An efreet (D)
  2 rime drakes (D)
  A demonic crawler (D)
  An ice devil (D)
  3 hellwings (D)
  A wandering mushroom (D)
  A tyrant leech (D)
  A meliai (shapeshifter) (D)
  A snapping turtle (D)
  7 blink frogs (D)
  4 yaks (D)
  A small abomination (D)
  A water elemental (D)
  A basilisk (D)
  2 vampire mosquitoes (D)
  4 floating eyes (D)
  2 swamp drakes (D)
  3 orc warriors (D)
  2 sky beasts (D)
  2 centaurs (D)
  2 bullfrogs (D)
  A scorpion (D)
  4 killer bees (D)
  A quasit (D)
  2 orc priests (D)
  A hound (D)
  An iguana (D)
  An orc wizard (D)
  A white imp (D)
  An adder zombie (D)
  An adder skeleton (D)
  A worm (D)
  An adder simulacrum (D)
  11 orcs (D)
  2 endoplasms (D)
  2 giant cockroaches (D)
  A goblin (D)
  A quokka (D)
  2 ball pythons (D)
  2 bats (D)
  3 frilled lizards (D)
  A kobold (D)
113 creatures vanquished.

Notes
Turn   | Place    | Note
-------+----------+-------------------------------------------
     0 | D        | rocky1 the Ogre Monk began the quest for the Orb.
     0 | D        | Reached XP level 1. HP: 24/24 MP: 1/1
    21 | D        | Found a bloodstained altar of Trog.
    21 | D        | Found a shimmering blue altar of Sif Muna.
    21 | D        | Found a viscous altar of Jiyva.
    21 | D        | Found a hazy altar of Hepliaklqana.
    21 | D        | Found an opulent altar of Gozag.
    22 | D        | Found a glowing golden altar of the Shining One.
    22 | D        | Found a glowing silver altar of Zin.
    22 | D        | Found a basalt altar of Yredelemnul.
    22 | D        | Found a shimmering altar of Xom.
    22 | D        | Found an ornate altar of the Wu Jian Council.
    22 | D        | Found a sacrificial altar of Ru.
    22 | D        | Found a stormy altar of Qazlal.
    22 | D        | Found an iron altar of Okawaru.
    22 | D        | Found a sparkling altar of Nemelex Xobeh.
    22 | D        | Found a burning altar of Makhleb.
    22 | D        | Found a blossoming altar of Fedhas.
    22 | D        | Found a white marble altar of Elyvilon.
    22 | D        | Found a shadowy altar of Dithmenos.
    22 | D        | Found a snail-covered altar of Cheibriados.
    25 | D        | Found a corrupted altar of Lugonu.
    25 | D        | Found a radiant altar of Vehumet.
    26 | D        | Found an ancient bone altar of Kikubaaqudgha.
    26 | D        | Found a hide-covered altar of Uskayaw.
    26 | D        | Found a broken altar of Ashenzari.
    33 | D        | Became a worshipper of Cheibriados the Contemplative
    33 | D        | Reached * piety under Cheibriados
    33 | D        | Reached ** piety under Cheibriados
    72 | D        | Noticed a floating eye
    78 | D        | Killed a floating eye
    79 | D        | Reached skill level 6 in Axes
    79 | D        | Reached XP level 2. HP: 39/40 MP: 2/2
    79 | D        | Reached XP level 3. HP: 45/46 MP: 3/3
    79 | D        | Reached XP level 4. HP: 53/55 MP: 4/4
    91 | D        | Reached *** piety under Cheibriados
   101 | D        | Reached skill level 5 in Dodging
   208 | D        | Reached **** piety under Cheibriados
   293 | D        | Reached ***** piety under Cheibriados
   293 | D        | Noticed a bullfrog
   294 | D        | Reached XP level 5. HP: 63/63 MP: 5/5
   297 | D        | Reached skill level 8 in Axes
   316 | D        | Reached XP level 6. HP: 28/74 MP: 2/8
   319 | D        | Reached skill level 9 in Axes
   538 | D        | Reached ****** piety under Cheibriados
   539 | D        | Reached skill level 10 in Axes
   592 | D        | Noticed Erolcha
   600 | D        | Killed Erolcha
   601 | D        | Reached skill level 10 in Fighting
   601 | D        | Reached skill level 12 in Axes
   601 | D        | Reached skill level 5 in Invocations
   601 | D        | Reached XP level 7. HP: 87/87 MP: 8/11
   601 | D        | Reached XP level 8. HP: 96/96 MP: 8/12
   651 | D        | Reached skill level 13 in Axes
   714 | D        | Noticed an efreet
   720 | D        | Killed an efreet
   721 | D        | Reached skill level 14 in Axes
   892 | D        | Noticed a sea snake
   896 | D        | Reached XP level 9. HP: 68/105 MP: 8/14
   900 | D        | Killed a sea snake
   901 | D        | Reached skill level 15 in Axes
  1067 | D        | Noticed a deep troll
  1067 | D        | Noticed a rime drake
  1069 | D        | Killed a rime drake
  1072 | D        | Killed a deep troll
  1073 | D        | Reached skill level 16 in Axes
  1103 | D        | Noticed a lindwurm
  1113 | D        | Killed a lindwurm
  1114 | D        | Reached skill level 10 in Invocations
  1114 | D        | Reached XP level 10. HP: 64/118 MP: 17/17
  1251 | D        | Noticed an orange demon
  1260 | D        | Killed an orange demon
  1293 | D        | Noticed a rust devil
  1298 | D        | Killed a rust devil
  1299 | D        | Reached skill level 17 in Axes
  1308 | D        | Noticed a manticore
  1315 | D        | Killed a manticore
  1406 | D        | Noticed an eye of devastation
  1408 | D        | Noticed a manticore
  1417 | D        | Killed an eye of devastation
  1421 | D        | Killed a manticore
  1544 | D        | Noticed a demonic crawler
  1544 | D        | Noticed a phantasmal warrior
  1547 | D        | Killed a phantasmal warrior
  1547 | D        | Killed a demonic crawler
  1548 | D        | Reached skill level 18 in Axes
  1548 | D        | Reached XP level 11. HP: 58/131 MP: 9/21
  1693 | D        | Noticed a cyclops
  1693 | D        | Noticed an orc knight
  1706 | D        | Killed a cyclops
  1707 | D        | Reached skill level 15 in Fighting
  1707 | D        | Reached skill level 15 in Invocations
  1711 | D        | Noticed a spriggan druid
  1713 | D        | Killed a spriggan druid
  1714 | D        | Reached skill level 10 in Dodging
  1716 | D        | Noticed a swamp dragon
  1722 | D        | Reached skill level 19 in Axes
  1724 | D        | Killed an orc knight
  1727 | D        | Killed a swamp dragon
  1729 | D        | HP: 5/137 [poison (poison gas)]
  2097 | D        | Noticed a five-headed hydra
  2107 | D        | Killed a five-headed hydra
  2292 | D        | Noticed a death yak
  2293 | D        | Noticed a lindwurm
  2302 | D        | Killed a death yak
  2303 | D        | Reached skill level 1 in Spellcasting
  2303 | D        | Killed a lindwurm
  2304 | D        | Reached XP level 12. HP: 116/148 MP: 23/23
  2445 | D        | Reached skill level 20 in Axes
  2467 | D        | Reached skill level 5 in Spellcasting
  2596 | D        | Noticed a spriggan air mage
  2596 | D        | Noticed an alligator snapping turtle
  2599 | D        | Killed a spriggan air mage
  2931 | D        | HP: 4/228 [alligator snapping turtle (14)]
  2933 | D        | Killed an alligator snapping turtle
  3301 | D        | Got the Directory of Feathers and Thermatology
  3304 | D        | Got Sif Muna's Collected Works on the Escort and
                  | Transfiguration
  3306 | D        | Got the Omnibus of the Necrotic Wayfarer
  3315 | D        | Learned a level 4 spell: Manifold Assault
  3386 | D        | Noticed Rupert
  3397 | D        | Reached skill level 1 in Armour
  3418 | D        | HP: 2/154 [Rupert/+3 great mace of protection (26)]
  3420 | D        | Killed Rupert
  3758 | D        | Noticed an orc warlord
  3782 | D        | Mangled by an orc warlord

Illustrated notes

Levels and vault maps discovered:
D:        pitsprint [storerooms_1, entrance_room_1, metal_vault_6, armoury_1,
          mini_pit_1, grid_room_1, main_hall_1, silver_pit, the_coven_3,
          the_vestibule_1, steel_vault_5, golden_pit, hallway_of_sentries,
          crystal_vault_6, iron_vault_2, final_vault]

Skill      XL: |  1  2  3  4  5  6  7  8  9 10 11 12 |
---------------+-------------------------------------+-----
Fighting       | 7 8 10 11 12 14 17 19 | 19.3
Axes           | 6 8 12 14 16 18 19 20 | 20.8
Dodging        | 4 5 7 8 9 10 12 | 12.4
Invocations    | 3 5 7 10 13 15 | 15.4
Spellcasting   | 2 7 |  7.5
Armour         | 2 |  2.6
Evocations     | 2 |  2.4
Maces & Flails | |  0.9
Stealth        | |  1.9

Action                   |  1- 3 |  4- 6 |  7- 9 | 10-12 || total
-------------------------+-------+-------+-------+-------++-------
Melee: Hand axe          |    10 |    49 |    16 |       ||    75
       War axe           |       |       |    17 |    67 ||    84
       Battleaxe         |       |       |       |    98 ||    98
       Dire flail        |       |       |       |     4 ||     4
       Punch             |       |       |       |     2 ||     2
Throw: Large rock        |       |       |       |     1 ||     1
Invok: Slouch            |       |     1 |     4 |    25 ||    30
       Bend Time         |       |       |       |     1 ||     1
  Use: Potion            |       |     1 |       |    13 ||    14
       Scroll            |       |       |       |     5 ||     5
 Stab: Sleeping          |       |       |       |     4 ||     4
       Confused          |       |       |       |     2 ||     2
       Invisible         |       |       |       |    12 ||    12
       Distracted        |       |       |       |     1 ||     1
Armor: Robe              |     1 |    19 |     4 |     9 ||    33
       Swamp dragon scal |       |       |       |    19 ||    19
Dodge: Dodged            |     4 |    48 |    21 |   130 ||   203

Table legend: (Time is in decaauts)
 A = Elapsed time spent in this place.
 B = Non-inter-level travel time spent in this place.
 C = Inter-level travel time spent in this place.
 D = Time resting spent in this place.
 E = Time spent auto-exploring this place.
 F = Levels seen in this place.
 G = Mean time per level.
                   A        B        C        D        E       F      G
               +--------+--------+--------+--------+--------+-----+--------+
         Total |   4487 |   4247 |    240 |   2568 |      0 |   1 | 4487.0 |
       Dungeon |   4487 |   4247 |    240 |   2568 |      0 |   1 | 4487.0 |
               +--------+--------+--------+--------+--------+-----+--------+

Top non-repeatable levels by time:
       D: 4487 daAuts
